 Dungeon Crawl Stone Soup version 0.27.1-3-gb3d3a73c9e (webtiles) character file.

Game seed: 6518674570756502195

1114 barney the Transmogrifier (level 8, -2/70 HPs)
             Began as a Red Draconian Transmuter on Oct 6, 2021.
             Was a Follower of Vehumet.
             Slain by a vampire (6 damage)
             ... on level 5 of the Dungeon.
             The game lasted 00:06:50 (7880 turns).

barney the Transmogrifier (DrTm)                    Turns: 7880, Time: 00:06:51

Health: -2/70      AC:  7    Str: 13    XL:     8   Next: 12%
Magic:  9/11       EV: 10    Int: 15    God:    Vehumet [*.....]
Gold:   167        SH:  0    Dex: 12    Spells: 1/11 levels left

rFire    x . .     SeeInvis .     - Unarmed
rCold    + + +     Faith    .   (shield currently unavailable)
rNeg     . . .     Spirit   .   (armour unavailable)
rPois    +         Reflect  .   (helmet currently unavailable)
rElec    .         Harm     .   (cloak currently unavailable)
rCorr    .         Rampage  .   (gloves currently unavailable)
Will     .....                  (boots currently unavailable)
Stlth    +.........             b - amulet of magic regeneration
HPRegen  0.21/turn              (no ring)
MPRegen  0.37/turn              (no ring)

@: confused, ice-form
A: freezing attack, amphibious, boosted hp, (breathe fire), AC +6, large,
unfitting armour, (fire resistance 1), (cold-blooded)
a: End Transformation, Renounce Religion


You were on level 5 of the Dungeon.
You worshipped Vehumet.
Vehumet was aware of your devotion.
You were a creature of crystalline ice.
You visited 1 branch of the dungeon, and saw 5 of its levels.

You collected 167 gold pieces.

Inventory:

Hand Weapons
 g - a +3 quarterstaff of chaos (melded)
Armour
 d - a +0 pair of boots (melded)
 h - a +0 cloak (melded)
Jewellery
 b - an amulet of magic regeneration (around neck)
Wands
 f - a wand of polymorph (10)
Scrolls
 a - a scroll of enchant weapon
 e - a scroll of teleportation
 o - 2 scrolls of identify
Potions
 j - 2 potions of degeneration
 l - 2 potions of lignification


   Skills:
 - Level 1.1 Fighting
 - Level 1.7 Dodging
 - Level 3.0 Unarmed Combat
 - Level 2.0 Spellcasting
 + Level 8.7 Transmutations
 + Level 1.8 Ice Magic
 + Level 2.2 Poison Magic
 + Level 2.2 Evocations


You had one spell level left.
You knew the following spells:

 Your Spells              Type           Power      Damage    Failure   Level
a - Beastly Appendage     Tmut           54%        N/A       1%          1
b - Spider Form           Tmut/Pois      8%         N/A       7%          3
c - Wereblood             Tmut           27%        N/A       1%          2
d - Ice Form              Ice/Tmut       17%        N/A       26%         4

Your spell library contained the following spells:

 Spells                   Type           Power      Damage    Failure   Level
 Magic Dart               Conj           4%         1d3       22%         1
 Summon Small Mammal      Summ           4%         N/A       22%         1
 Call Canine Familiar     Summ           1%         N/A       54%         3
 Summon Guardian Golem    Hex/Summ       1%         N/A       54%         3


Dungeon Overview and Level Annotations

Branches:
Dungeon (5/15)
 Temple: D:4-7

Altars:
Cheibriados
Vehumet

Shops:
D:4 *((


Innate Abilities, Weirdness & Mutations

You are a creature of crystalline ice.
You have a powerful freezing melee attack.
You are amphibious.
Your maximum health is increased.
Your armour is entirely melded.
You are incapable of wielding weapons or throwing items.
((You can breathe blasts of fire.))
((Your fiery red scales are hard. (AC +6)))
You cannot fit into any form of body armour.
((Your flesh is heat resistant. (rF+)))
((You are cold-blooded and may be slowed by cold attacks.))


Message History

Something draws strength from your injuries!
You hit something. Something hits you! Something bites you.
Something draws strength from your injuries!
You barely miss something. Something hits you but does no damage.
Something bites you.
Something draws strength from your injuries!
You closely miss something. Something hits you but does no damage.
Something bites you.
Something draws strength from your injuries!
You hit something. Something hits you. Something bites you!
Something draws strength from your injuries!
You hit something. You freeze something. You barely miss something.
Something hits you but does no damage. Something completely misses you.
You punch something! You freeze something.
Something hits you but does no damage. Something bites you.
Something draws strength from your injuries!
You hit something. You freeze something. Something hits you!
Something bites you.
Something draws strength from your injuries!
Your magical contamination has completely faded away.
You punch something!
You hear some strange, mumbled words.
You are confused.
Okay, then.
You closely miss something. Something hits you.
* * * LOW HITPOINT WARNING * * *
Something bites you.
* * * LOW HITPOINT WARNING * * *
Something draws strength from your injuries!
You miss something.
You have got your breath back.
Something completely misses you. Something bites you.
* * * LOW HITPOINT WARNING * * *
Something draws strength from your injuries!
You are too confused!
You hit something. Something draws life force from you!
* * * LOW HITPOINT WARNING * * *
You bump into the rock wall.
Something hits you.
You die...

..# #.# #.# #### #.#
#.<########
######.#######..........
#......)[......#########
#.###..###.###########
#..###.####.......
#........Y{.#
#.####.###### #. #.# #h
#.# .. ... #.. #.. #..#


There were no monsters in sight!

Vanquished Creatures
  An ice beast (D:5)
  A sky beast (D:5)
  A black bear (D:5)
  2 ogres
  4 scorpions (D:4)
  3 hounds
  An orc priest (D:4)
  Crazy Yiuf (D:2)
  A bullfrog skeleton (D:4)
  An iron imp (D:4)
  An iguana (D:4)
  8 adders
  3 gnolls (D:3)
  An ufetubus (D:4)
  4 worms
  5 dart slugs
  6 orcs
  4 ball pythons
  8 endoplasms
  8 giant cockroaches
  7 goblins
  6 hobgoblins
  2 kobolds
  4 quokkas
  6 bats
  5 rats
94 creatures vanquished.

Notes
Turn   | Place    | Note
-------+----------+-------------------------------------------
     0 | D:1      | barney the Draconian Transmuter began the quest for the
                  | Orb.
     0 | D:1      | Reached XP level 1. HP: 16/16 MP: 3/3
    75 | D:1      | Found a faded altar of an unknown god.
   381 | D:1      | Reached XP level 2. HP: 20/23 MP: 5/5
   606 | D:1      | Reached skill level 3 in Transmutations
  2265 | D:2      | Reached XP level 3. HP: 16/28 MP: 6/6
  2269 | D:2      | Learned a level 3 spell: Spider Form
  2272 | D:2      | Learned a level 2 spell: Wereblood
  2603 | D:2      | Reached skill level 4 in Transmutations
  2603 | D:2      | Reached XP level 4. HP: 31/35 MP: 7/7
  3013 | D:2      | Found a runed translucent door.
  3014 | D:2      | Noticed Crazy Yiuf
  3112 | D:2      | Killed Crazy Yiuf
  3533 | D:3      | Reached skill level 5 in Transmutations
  3946 | D:3      | Reached XP level 5. HP: 23/40 MP: 3/8
  4732 | D:3      | Found a radiant altar of Vehumet.
  4739 | D:3      | Became a worshipper of Vehumet
  5359 | D:4      | Reached skill level 6 in Transmutations
  5625 | D:4      | Reached XP level 6. HP: 47/47 MP: 9/9
  5682 | D:4      | Found Vyij's Antique Weapon Boutique.
  5760 | D:4      | Reached skill level 7 in Transmutations
  6091 | D:4      | Found Guemuc's Weapon Boutique.
  6101 | D:4      | Your scales start taking on a fiery red colour.
  6101 | D:4      | Reached XP level 7. HP: 40/52 MP: 10/10
  6101 | D:4      | Gained mutation: Your flesh is heat resistant. (rF+) [Red
                  | Draconian growth]
  6229 | D:4      | Reached * piety under Vehumet
  6229 | D:4      | Offered knowledge of Magic Dart by Vehumet.
  6297 | D:4      | Reached skill level 8 in Transmutations
  6394 | D:4      | Learned a level 4 spell: Ice Form
  6686 | D:4      | Found Unipp's Assorted Antiques.
  7271 | D:4      | Found a snail-covered altar of Cheibriados.
  7476 | D:5      | Entered Level 5 of the Dungeon
  7496 | D:5      | Reached skill level 1 in Ice Magic
  7496 | D:5      | Reached skill level 1 in Poison Magic
  7496 | D:5      | Reached skill level 1 in Evocations
  7556 | D:5      | Reached XP level 8. HP: 27/59 MP: 8/11
  7880 | D:5      | Slain by a vampire

Illustrated notes

Levels and vault maps discovered:
D:1:      dpeg_arrival_pond, layout_loops_ring, ebering_ecumenical_altar_webs
D:2:      layout_loops_ring, uniq_crazy_yiuf_cottage
D:3:      layout_loops_cross, fiery_altar_vehumet, dk_vineyard_3,
          minmay_close_crescents
D:4:      minmay_clustersquares, layout_gridville, slow_altar_2, serial_shops,
          nicolae_shop_waterfront, nicolae_square_shop, shop,
          gup_sewer_entry_bubbles
D:5:      layout_loops_ring

Skill      XL: |  1  2  3  4  5  6  7  8 |
---------------+-------------------------+-----
Transmutations | 3 4 5 6 7 8 |  8.7
Ice Magic      | 1 |  1.8
Poison Magic   | 1 2 |  2.2
Evocations     | 1 2 |  2.2
Fighting       | |  1.1
Dodging        | |  1.7
Unarmed Combat | |  3.0
Spellcasting   | |  2.0

Action                   |  1- 3 |  4- 6 |  7- 9 || total
-------------------------+-------+-------+-------++-------
Melee: Unarmed           |    66 |    76 |    74 ||   216
       Kick              |     6 |     2 |     4 ||    12
       Headbutt          |     8 |     2 |     1 ||    11
       Tailslap          |     4 |     3 |     2 ||     9
       Quarterstaff      |       |    45 |    43 ||    88
 Cast: Beastly Appendage |    16 |     7 |     6 ||    29
       Spider Form       |     1 |    14 |     7 ||    22
       Ice Form          |       |       |     2 ||     2
 Abil: Breathe Fire      |       |       |     4 ||     4
  Use: Scroll            |       |     1 |     6 ||     7
       Potion            |       |     1 |     2 ||     3
Armor: Skin              |    16 |    38 |    26 ||    80
Dodge: Dodged            |    48 |   104 |    76 ||   228
